 Dungeon Crawl Stone Soup version 0.29.0-4-gdea44cf6ec (webtiles) character file.

Game seed: 8055615637672923371

4 qw the Sneak (level 1, -4/14 HPs)
             Began as a Gargoyle Delver on Sept 10, 2022.
             Slain by a worm (9 damage)
             ... on level 2 of the Dungeon.
             The game lasted 00:00:10 (371 turns).

qw the Sneak (Gargoyle Delver)                       Turns: 371, Time: 00:00:10

Health: -4/14      AC:  5    Str: 15    XL:     1   Next: 60%
Magic:  1/1        EV: 11    Int: 10    God:
Gold:   14         SH:  0    Dex: 11    Spells: 0/0 levels left

rFire   . . .      SeeInvis .   a - +0 hand axe
rCold   . . .      Faith    .   (no shield)
rNeg    + . .      Spirit   .   b - +0 leather armour
rPois   inf        Reflect  .   (no helmet)
rElec   +          Harm     .   (no cloak)
rCorr   .          Rampage  .   (no gloves)
Will    .....                   (no boots)
Stlth   +++.......              (no amulet)
HPRegen 0.04/turn               (no ring)
MPRegen 0.07/turn               (no ring)

@: no status effects
A: sickness immunity, AC +2, negative energy resistance 1, electricity
resistance, torment resistance 1, petrification resistance
a: no special abilities


You were on level 2 of the Dungeon.
You visited 1 branch of the dungeon, and saw 4 of its levels.

You collected 14 gold pieces.


Innate Abilities, Weirdness & Mutations

You are immune to sickness and miasma.
Your stone body is resilient. (AC +2)
You are immune to poison.
You resist negative energy. (rN+)
You are resistant to electric shocks. (rElec)
You are resistant to unholy torment.
You are immune to petrification.


   Skills:
 - Level 3.2 Fighting
 + Level 2.1 Axes
 - Level 1.5 Dodging
 - Level 5.4 Stealth


You couldn't memorise any spells.
You didn't know any spells.
Your spell library was empty.

Inventory:

Hand Weapons
 a - a +0 hand axe (weapon)
Armour
 b - a +0 leather armour (worn)
Wands
 g - a wand of digging (3)
Scrolls
 c - a scroll of identify {unknown}
Potions
 f - a potion of haste

Dungeon Overview and Level Annotations

Branches:
Dungeon (5/15)
 Temple: D:4-7

Altars:

Shops:
D:2 ([


Message History

You kill the hobgoblin!
You start resting.
HP restored.
There is an entrance to Ytureku's Armour Shoppe here.
354 ||| SHOPLISTING +0 chain mail (54 gold, have 14).
You can access your shopping list by pressing '$'.
354 ||| SHOPLISTING +0 helmet (54 gold, have 14).
You can access your shopping list by pressing '$'.
354 ||| SHOPLISTING +0 pair of gloves (54 gold, have 14).
You can access your shopping list by pressing '$'.
354 ||| SHOPLISTING +0 scale mail (48 gold, have 14).
You can access your shopping list by pressing '$'.
354 ||| SHOPLISTING +2 chain mail of cold resistance (258 gold, have 14).
You can access your shopping list by pressing '$'.
354 ||| SHOPLISTING +2 ring mail of poison resistance (216 gold, have 14).
You can access your shopping list by pressing '$'.
354 ||| SHOPLISTING +5 ring mail of the Valley of Death {Will+} (499 gold, have 14).
You can access your shopping list by pressing '$'.
A worm comes into view.
You hit the worm.
The worm is lightly wounded.
The worm closely misses you.
You barely miss the worm. You hit the worm.
The worm is moderately wounded.
The worm bites you!
Ouch! That really hurt!
You hit the worm but do no damage.
The worm is moderately wounded.
The worm bites you.
You barely miss the worm.
The worm is lightly wounded.
You hit the worm.
The worm is moderately wounded.
The worm bites you.
You hit the worm.
The worm is severely wounded.
The worm bites you!
Ouch! That really hurt!
You die...

...#.#... #........# #>.......
#........# #....#... #.###'#.##
#....# # #.# #.#.# #....# #
#.###.#.# #..#... #. #.#...#.# ##
#..#.#.. #.### #.....#.# ...
...#.#...#####...#######.#.##....
#.## ........w@........#.......
#.......................
..........\.............
###########.....####....
.....###..########
####..............
#######........ ...............
#....##........


You could see a worm.

Vanquished Creatures
  A ball python (D:2)
  A hobgoblin (D:2)
  A frilled lizard (D:3)
  A rat (D:2)
4 creatures vanquished.

Vanquished Creatures (others)
  A plant (D:2)
1 creature vanquished.

Grand Total: 5 creatures vanquished

Notes
Turn   | Place    | Note
-------+----------+-------------------------------------------
     0 | D:5      | qw the Gargoyle Delver began the quest for the Orb.
     0 | D:5      | Reached XP level 1. HP: 14/14 MP: 1/1
     0 | D:5      | 0 ||| qw: Version: 0.1-a-117-gfe26ee0
     0 | D:5      | 0 ||| qw: Game counter: 9684
     0 | D:5      | 0 ||| qw: Always use a shield: true
     0 | D:5      | 0 ||| qw: God list: Okawaru
     0 | D:5      | 0 ||| qw: Allow faded altars: false
     0 | D:5      | 0 ||| qw: Do Orc after D:15 true
     0 | D:5      | 0 ||| qw: Do second Lair branch before Depths: true
     0 | D:5      | 0 ||| qw: Lair rune preference: random
     0 | D:5      | 0 ||| qw: Plans: Normal
     0 | D:5      | 0 ||| PLANNING D:1-11
     1 | D:5      | 1 ||| DROPPING scroll of fog.
     2 | D:5      | 2 ||| DROPPING scroll of magic mapping.
     3 | D:5      | 3 ||| DROPPING scroll of fear.
   102 | D:2      | Found Otawucul's Antique Weapon Shoppe.
   127 | D:2      | 127 ||| SHOPLISTING club (23 gold, have 14).
   166 | D:2      | Found Ytureku's Armour Shoppe.
   354 | D:2      | 354 ||| SHOPLISTING +0 chain mail (54 gold, have 14).
   354 | D:2      | 354 ||| SHOPLISTING +0 helmet (54 gold, have 14).
   354 | D:2      | 354 ||| SHOPLISTING +0 pair of gloves (54 gold, have 14).
   354 | D:2      | 354 ||| SHOPLISTING +0 scale mail (48 gold, have 14).
   354 | D:2      | 354 ||| SHOPLISTING +2 chain mail of cold resistance (258
                  | gold, have 14).
   354 | D:2      | 354 ||| SHOPLISTING +2 ring mail of poison resistance (216
                  | gold, have 14).
   354 | D:2      | 354 ||| SHOPLISTING +5 ring mail of the Valley of Death
                  | {Will+} (499 gold, have 14).
   371 | D:2      | Slain by a worm

Levels and vault maps discovered:
D:2:      layout_basic, basic_altar, serial_shops,
          nicolae_shop_overgrown_old_shop,
          nicolae_shop_competitors_out_of_business, shop, kennysheep_minor_cross
D:3:      layout_loops_corners, grunt_gozag_breadcrumbs, minmay_between
D:4:      layout_loops_ring, lemuel_crystal_altar, kennysheep_mini_moat,
          marbit_many_paths, minmay_parallelograms, uniq_menkaure, uniq_grinder
D:5:      layout_loops_ring, ebering_ghost_sewer_f

Skill      XL: |  1 |
---------------+----+-----
Axes           | 2 |  2.1
Fighting       | |  3.2
Dodging        | |  1.5
Stealth        | |  5.4

Action                   || total
-------------------------++-------
Melee: Hand axe          ||    19
Armor: Leather armour    ||     6
Dodge: Dodged            ||     3

Table legend:
 A = Non-vault XP
 B = Vault XP
 C = Vault XP percentage of total XP
 D = Non-vault monster count
 E = Vault monster count
 F = Vault count percentage of total count
                 A         B        C        D         E       F
            +---------+---------+-------+---------+---------+-------
      Total |       6 |       0 |   0.0 |       4 |       0 |   0.0
            +---------+---------+-------+---------+---------+-------
        D:2 |       5 |       0 |   0.0 |       3 |       0 |   0.0
        D:3 |       1 |       0 |   0.0 |       1 |       0 |   0.0
            +---------+---------+-------+---------+---------+-------
